 Seeded DCSS version 0.28.0-62-gf88900778d (webtiles) character file.

Game seed: 13591998346360536447 (custom seed)

189 Psyclone the Conjurer (level 5, -3/28 HPs)
             Began as a Deep Elf Conjurer on Oct 17, 2023.
             Slain by a sky beast (6 damage)
             ... on level 6 of the Dungeon.
             The game lasted 00:02:34 (1047 turns).

Psyclone the Conjurer (Deep Elf Conjurer)           Turns: 1047, Time: 00:02:34

Health: -3/28      AC:  5    Str:  6    XL:     5   Next: 40%
Magic:  6/11       EV: 12    Int: 33    God:
Gold:   3932       SH:  0    Dex: 13    Spells: 7/10 levels left

rFire   x . .      SeeInvis .   b - +0 dagger
rCold   . . .      Faith    .   (no shield)
rNeg    . . .      Spirit   .   a - +0 robe
rPois   +          Reflect  .   (no helmet)
rElec   .          Harm     .   e - +2 cloak of the Hidden Vale {rPois rF- Str+2 Int+8}
rCorr   .          Rampage  .   (no gloves)
Will    .....                   (no boots)
Stlth   ++........              (no amulet)
HPRegen 0.09/turn               (no ring)
MPRegen 0.12/turn               (no ring)

@: no status effects
A: no striking features
a: no special abilities


You were on level 6 of the Dungeon.
You visited 2 branches of the dungeon, and saw 7 of its levels.

You collected 3932 gold pieces.

Inventory:

Hand Weapons
 b - a +0 dagger (weapon)
Armour
 a - a +0 robe (worn)
 e - the +2 cloak of the Hidden Vale (worn) {rPois rF- Str+2 Int+8}
   (You acquired it on level 4 of the Dungeon)

   Str:       It affects your strength (+2).
   Int:       It affects your intelligence (+8).
   rF:        It makes you vulnerable to fire.
   rPois:     It protects you from poison.
Wands
 f - a wand of mindburst (17)
Scrolls
 d - 3 scrolls of identify {@r1}
Potions
 c - a potion of mutation {unknown}
 g - a potion of ambrosia {unknown}
 h - a potion of curing {unknown}


   Skills:
 - Level 2.4 Dodging
 - Level 2.4 Stealth
 - Level 3.0 Spellcasting
 + Level 7.4 Conjurations


You had 7 spell levels left.
You knew the following spells:

 Your Spells              Type           Power      Damage    Failure   Level
a - Magic Dart            Conj           100%       1d8       1%          1
b - Searing Ray           Conj           100%       2d8       1%          2

Your spell library contained the following spells:

 Spells                   Type           Power      Damage    Failure   Level
 Static Discharge         Conj/Air       29%        N/A       1%          2
 Dazzling Flash           Conj/Hex       58%        N/A       3%          3
 Fulminant Prism          Conj/Hex       14%        3d9       13%         4
 Iskenderun's Mystic Bla  Conj/Tloc      29%        2d7       13%         4
 Sticky Flame             Conj/Fire      29%        2d5       13%         4
 Dispel Undead            Necr           4%         3d7       50%         4


Dungeon Overview and Level Annotations

Branches:
Dungeon (6/15)             Temple (1/1) D:6

Altars:
Ashenzari
Cheibriados
Dithmenos
Elyvilon
Fedhas
Kikubaaqudgha
Makhleb
Nemelex Xobeh
Ru
Uskayaw
Vehumet
Xom
Yredelemnul
Zin
The Shining One


Message History

There is an open door here.
A sky beast is nearby!
A sky beast is nearby!
A sky beast is nearby!
Unknown command.
Casting: Magic Dart (safe; 1% risk of failure)
Confirm with . or Enter, or press ? or * to list all spells.
Aiming: Magic Dart (safe; 1% risk of failure)
Press: ? - help, Shift-Dir - straight line, f - sky beast
Aim: a sky beast (100% to hit)
The magic dart hits the sky beast.
The sky beast is lightly wounded.
The sky beast flickers out of sight!
Deactivating autopickup; reactivate with Ctrl-A.
You now have 10/11 mp.
Something hits you. Something shocks you.
You take 7 damage, and have 21/28 hp.
MASSIVE DAMAGE!!
Something hits you but does no damage.
There is a staircase to the Ecumenical Temple here.
MP restored: 11
There is an open door here.
Casting: Magic Dart (safe; 1% risk of failure)
Confirm with . or Enter, or press ? or * to list all spells.
Aiming: Searing Ray (safe; 1% risk of failure)
Press: ? - help, Shift-Dir - straight line The searing ray hits something. (Press . to maintain the ray.)
Something hits you. Something shocks you.
You take 8 damage, and have 14/28 hp.
MASSIVE DAMAGE!!
You now have 9/11 mp.
Something hits you but does no damage.
You now have 8/11 mp.
Something hits you. Something shocks you.
* * * LOW HITPOINT WARNING * * *
You take 7 damage, and have 7/28 hp.
MASSIVE DAMAGE!!
You now have 7/11 mp.
The searing ray hits something!
You finish channelling your searing ray.
Something hits you.
* * * LOW HITPOINT WARNING * * *
Something shocks you.
You die...

#..# .#. ####### . ##..#
#.....# .###...# #.###'###
..#....## ######.#...(.#
#.......# #......#.⌠.⌠.###
#.....# ##.###@{..>..'.#
##...## #.#..##.⌠.⌠.#.#
##.....# #.#...#.....#.#
#..#...## ##.#.####'###..
#.####..####...#.###.#####.
..# ##..##..##.....)..#.#./
.## ##..#..##.............#
.# ##<...##...........>##
## ##...##............#


There were no monsters in sight!

Vanquished Creatures
  A hound (D:6)
  3 bullfrog skeletons
  A hound skeleton (D:4)
  3 gnolls (D:4)
  A howler monkey skeleton (D:6)
  A worm (D:2)
  A dart slug (D:4)
  2 endoplasms
  A hobgoblin (D:4)
  3 jackals (D:1)
  A kobold (D:1)
  2 ball pythons
  3 rats
23 creatures vanquished.

Notes
Turn   | Place    | Note
-------+----------+-------------------------------------------
     0 | D:1      | Psyclone the Deep Elf Conjurer began the quest for the Orb.
     0 | D:1      | Reached XP level 1. HP: 10/10 MP: 6/6
   178 | D:2      | Reached XP level 2. HP: 15/15 MP: 6/8
   181 | D:2      | Learned a level 2 spell: Searing Ray
   211 | D:2      | Reached skill level 5 in Conjurations
   273 | D:2      | Identified 3 scrolls of acquirement
   286 | D:3      | Found a glowing golden altar of the Shining One.
   337 | D:4      | Acquired the +2 cloak of the Hidden Vale {rPois rF- Str+2
                  | Int+8}
   340 | D:4      | Acquired 1255 gold pieces
   346 | D:4      | Acquired 1352 gold pieces
   357 | D:4      | Acquired 1218 gold pieces
   390 | D:4      | Reached XP level 3. HP: 14/19 MP: 0/9
   559 | D:4      | Reached skill level 6 in Conjurations
   677 | D:4      | Reached XP level 4. HP: 24/24 MP: 6/10
   692 | D:5      | Entered Level 5 of the Dungeon
   735 | D:6      | Reached skill level 7 in Conjurations
   735 | D:6      | Reached XP level 5. HP: 25/28 MP: 3/11
   904 | D:6      | Found a staircase to the Ecumenical Temple.
   910 | Temple   | Entered the Ecumenical Temple
  1033 | D:6      | Noticed a sky beast
  1047 | D:6      | Slain by a sky beast

Illustrated notes

Levels and vault maps discovered:
D:1:      wander_arrival_fairy_ring, layout_basic, chequers_serial_rivers_room_a
D:2:      layout_loops_ring, shapermc_ecumenical_altar_venn, uniq_natasha
D:3:      layout_loops_ring, mainiacjoe_overflow_chevrons,
          gammafunk_ghost_arena, hangedman_glass_teeth
D:4:      layout_basic, nicolae_hepliaklqana_monster_ancestors,
          due_unseen_surprise
D:5:      layout_basic, lemuel_doored_altar, overflow_temple_1_default,
          amethyst_overflow_temple_binary, minmay_manual_mess, uniq_ijyb,
          uniq_edmund, uniq_sigmund, uniq_menkaure
D:6:      layout_layer_cave, minmay_temple_entry_hall
Temple:   jpeg_temple_clearing

Skill      XL: |  1  2  3  4 |
---------------+-------------+-----
Conjurations   | 5 6 7 |  7.4
Dodging        | |  2.4
Stealth        | |  2.4
Spellcasting   | |  3.0

Action                   |  1- 3 |  4- 6 || total
-------------------------+-------+-------++-------
Melee: Dagger            |    16 |    14 ||    30
 Cast: Magic Dart        |    24 |     3 ||    27
       Searing Ray       |     3 |     4 ||     7
  Use: Scroll            |     5 |       ||     5
Armor: Robe              |     2 |     9 ||    11
Dodge: Dodged            |    16 |    16 ||    32
